 Dungeon Crawl Stone Soup version 0.19-a0-305-g4c536b9 (webtiles) character file.

15838 Delvonshi the Grappler (level 12, -3/118 HPs)
             Began as a Troll Monk on May 27, 2016.
             Slain by an 11-headed hydra (7 damage)
             ... on level 2 of the Lair of Beasts.
             The game lasted 00:38:33 (11614 turns).

Delvonshi the Grappler (Troll Monk)                Turns: 11614, Time: 00:38:33

Health: -3/118     AC:  8    Str: 26    XL:     12   Next: 4%
Magic:  18/18      EV: 10    Int:  6    God:
Gold:   696        SH:  0    Dex: 12    Spells: 0 memorised, 11 levels left

rFire  . . .     SeeInvis +       - Unarmed
rCold  . . .     Gourm    +     R - +0 troll leather armour
rNeg   . . .     Faith    .     (no shield)
rPois  +         Spirit   .     (helmet restricted)
rElec  .         Dismiss  .     t - +0 cloak
rCorr  .         Reflect  .     (gloves unavailable)
SustAt .         Harm     .     (boots unavailable)
MR     .....     Rnd*Rage +     (no amulet)
Stlth  +.........               S - ring of magical power
                                z - ring of see invisible

@: not resistant to hostile enchantments, very unstealthy
A: unfitting armour, claws 3, berserk 2, fast metabolism 3, frail 1, gourmand,
low mp 1, poison resistance, regeneration 3, shaggy fur 1, tough skin 2, subdued
magic 1
a: no special abilities


You were on level 2 of the Lair of Beasts.
You were very full.

You visited 3 branches of the dungeon, and saw 13 of its levels.
You also visited: Volcano.

You collected 696 gold pieces.

Inventory:

Missiles
 s - 23 arrows
 J - 14 javelins (quivered)
Armour
 t - a +0 cloak (worn)
 I - the +2 robe of Iducw {rPois Int-4 Dex+5 Stlth+}
   (You found it on level 9 of the Dungeon)

   It affects your intelligence (-4).
   It affects your dexterity (+5).
   It protects you from poison.
   It makes you more stealthy.
 R - a +0 troll leather armour (worn)
 V - a +1 robe of cold resistance
 X - a +2 robe of fire resistance
Jewellery
 z - a ring of see invisible (left claw)
 Q - an uncursed ring of ice
 S - a ring of magical power (right claw)
 U - an uncursed ring of wizardry
Wands
 a - a wand of flame (26/48)
 p - a wand of disintegration (19/24)
 x - a wand of slowing (19/48)
 B - a wand of flame (17/48)
 F - a wand of flame (10/48)
 P - a wand of lightning (6/15)
 Z - a wand of acid (10/15)
Scrolls
 c - 3 scrolls of vulnerability {unknown}
 d - 6 scrolls of remove curse
 e - 4 scrolls of identify
 k - a scroll of amnesia {unknown}
 q - 2 scrolls of enchant armour
 r - 4 scrolls of teleportation {unknown}
 y - a scroll of immolation {unknown}
 C - 2 scrolls of recharging {unknown}
 D - 2 scrolls of fear {unknown}
 K - a scroll of noise {unknown}
 M - 2 scrolls of blinking {unknown}
 N - a scroll of magic mapping {unknown}
 W - a scroll of fog {unknown}
Potions
 i - 2 potions of flight
 j - 7 potions of curing
 l - 2 potions of magic
 m - 2 potions of brilliance
 n - 2 potions of heal wounds {unknown}
 o - 3 potions of berserk rage {unknown}
 u - 3 potions of haste {unknown}
 w - a potion of invisibility {unknown}
 A - 2 potions of cancellation {unknown}
 E - a potion of ambrosia {unknown}
 H - 3 potions of agility {unknown}
 Y - a potion of might
Books
 v - a book of Power

   Spells                             Type                      Level
   a - Fulminant Prism                Conjuration/Hexes            4
   b - Iskenderun's Mystic Blast      Conjuration                  4
   c - Venom Bolt                     Conjuration/Poison           5
   d - Bolt of Magma                  Conjuration/Fire/Earth       5
   e - Iron Shot                      Conjuration/Earth            6
   f - Orb of Destruction             Conjuration                  7
   g - Spellforged Servitor           Conjuration/Summoning        7
 G - a book of the Earth

   Spells                             Type                      Level
   a - Leda's Liquefaction            Hexes/Earth                  4
   b - Bolt of Magma                  Conjuration/Fire/Earth       5
   c - Statue Form                    Transmutation/Earth          6
   d - Iron Shot                      Conjuration/Earth            6
   e - Shatter                        Earth                        9
 L - a book of Maledictions

   Spells                             Type                      Level
   a - Corona                         Hexes                        1
   b - Ensorcelled Hibernation        Hexes/Ice                    2
   c - Confuse                        Hexes                        3
   d - Tukima's Dance                 Hexes                        3
   e - Dazzling Spray                 Conjuration/Hexes            3
Miscellaneous
 O - a sack of spiders
Comestibles
 b - 4 bread rations
 f - a slice of pizza
 g - 10 meat rations
 h - a royal jelly


   Skills:
 + Level 11.8 Fighting
 - Level 2.4 Dodging
 - Level 1.1 Stealth
 - Level 14.0 Unarmed Combat


You had 11 spell levels left.
You didn't know any spells.

Dungeon Overview and Level Annotations

Branches:
Dungeon (10/15)            Temple (1/1) D:6            Lair (2/8) D:10
    Orc (0/2) D:9

Altars:
Ashenzari
Cheibriados
Dithmenos
Elyvilon
Fedhas
Gozag
Hepliaklqana
Kikubaaqudgha
Makhleb
Nemelex Xobeh
Okawaru
Pakellas
Qazlal
Ru
Sif Muna
Trog
Ukayaw
Vehumet
Xom
Yredelemnul
Zin
The Shining One

Shops:
D:7 %


Innate Abilities, Weirdness & Mutations

You are too large for most types of armour.
You have claws for hands.
Your metabolism is lightning-fast.
You like to eat raw meat.
You regenerate.
You are covered in fur. (AC +1)
You have very tough skin. (AC +2)
You often lose your temper in combat.
You are frail. (-10% HP)
Your magical capacity is low. (-10% MP)
Your system is resistant to poisons. (rPois)
Your spells are a little easier to cast, but a little less powerful.


Message History

The ten-headed hydra bites you. x2
You scratch the ten-headed hydra.
The ten-headed hydra is heavily wounded.
Unknown command.
You claw one of the ten-headed hydra's heads off!
The nine-headed hydra grows two more!
You mangle the 11-headed hydra!!
The 11-headed hydra is severely wounded.
The 11-headed hydra bites you. The 11-headed hydra bites you!
The 11-headed hydra bites you.
* * * LOW HITPOINT WARNING * * *
The 11-headed hydra bites you!
* * * LOW HITPOINT WARNING * * *
The 11-headed hydra bites you!
* * * LOW HITPOINT WARNING * * *
The 11-headed hydra bites you.
* * * LOW HITPOINT WARNING * * *
The 11-headed hydra bites you!
* * * LOW HITPOINT WARNING * * *
The 11-headed hydra bites you!
You die...

........................
#........................
.........................
...................>... .... ..
.....P##.###.#........ ...##.
#.... #######......## ...#. .
#..# .....#......## .... .#.
#..##.....##.....##. ...#.......
#..@D......+.....##. ...##.#.#..
#..##.....##........ ..........
#..# .....#.......#
...##.#.######..# #...#......P#
..>.............###+##+##........
÷...#.#.#...................†....
.................^...............
....#.#.#........................
.................................


You could see a 11-headed hydra.

Vanquished Creatures
  Erolcha (D:10)
  Fannar (D:10)
  Urug (Volcano)
  An unseen horror (D:10)
  Pikel (D:9)
  6 statues (Volcano)
  A black mamba (Lair:2)
  An elephant (D:10)
  3 spiny frogs (Lair:1)
  2 trolls
  Grinder (D:6)
  6 yaks
  3 fire bats (Volcano)
  A basilisk (Lair:2)
  A steam dragon (D:10)
  2 hippogriffs (Lair:2)
  2 insubstantial wisps
  A warg (D:9)
  3 water moccasins
  The ghost of Delvonshi the Ruffian, an amateur OgMo (D:3)
  7 orc warriors
  A slave (D:9)
  A black bear (Lair:2)
  3 sky beasts
  An eye of draining (D:9)
  2 phantoms
  A wasp (D:10)
  2 ogres (D:9)
  2 centaurs
  2 crocodiles
  Blork the orc (D:6)
  6 giant frogs
  A wyvern skeleton (D:8)
  2 scorpions (D:10)
  14 killer bees
  5 wights (D:10)
  3 howler monkeys
  3 crimson imps
  3 lava snakes (Volcano)
  4 giant frog zombies
  7 orc priests
  2 centaur skeletons
  5 orc wizards
  A quasit (D:9)
  Crazy Yiuf (D:3)
  6 hounds
  3 iguanas
  5 jellies
  A giant frog skeleton (D:9)
  A gnoll shaman (D:6)
  Jessica (D:3)
  6 worker ants
  Ijyb (D:3)
  6 sheep
  A hound skeleton (D:5)
  7 gnolls
  14 adders
  11 river rats (Lair:2)
  3 shadow imps
  2 oozes
  An adder zombie (D:7)
  4 dart slugs
  2 giant geckos
  28 orcs
  4 ball pythons
  9 giant cockroaches
  13 goblins
  10 hobgoblins
  13 jackals
  5 kobolds
  6 quokkas
  14 bats
  6 giant newts
  11 rats
  2 fungi (D:10)
315 creatures vanquished.

Vanquished Creatures (others)
  2 slaves (D:9)
  2 orcs (D:9)
4 creatures vanquished.

Grand Total: 319 creatures vanquished

Notes
Turn   | Place    | Note
--------------------------------------------------------------
     0 | D:1      | Delvonshi the Troll Monk began the quest for the Orb.
     0 | D:1      | Reached XP level 1. HP: 22/22 MP: 0/0
    55 | D:1      | Reached XP level 2. HP: 25/29 MP: 1/1
   404 | D:1      | Reached skill level 5 in Unarmed Combat
   405 | D:1      | Reached XP level 3. HP: 33/36 MP: 2/2
   934 | D:2      | Reached XP level 4. HP: 42/44 MP: 3/3
   949 | D:2      | Reached skill level 6 in Unarmed Combat
  1524 | D:2      | Reached XP level 5. HP: 47/50 MP: 4/4
  1939 | D:3      | Noticed Jessica
  1941 | D:3      | Killed Jessica
  1943 | D:3      | Reached skill level 7 in Unarmed Combat
  2010 | D:3      | Noticed Ijyb
  2028 | D:3      | Killed Ijyb
  2040 | D:3      | Found a blossoming altar of Fedhas.
  2100 | D:3      | Noticed Delvonshi's ghost (amateur OgMo)
  2309 | D:3      | Noticed Crazy Yiuf
  2315 | D:3      | Killed Crazy Yiuf
  2315 | D:3      | Reached XP level 6. HP: 42/59 MP: 5/5
  2909 | D:3      | Killed Delvonshi's ghost
  3029 | D:4      | Reached skill level 8 in Unarmed Combat
  3216 | D:4      | Found a hazy altar of Hepliaklqana.
  3392 | D:5      | Entered Level 5 of the Dungeon
  3514 | D:5      | Reached XP level 7. HP: 59/66 MP: 6/6
  3709 | D:5      | Reached skill level 9 in Unarmed Combat
  3786 | D:5      | Found a burning altar of Makhleb.
  4393 | D:6      | Noticed Blork the orc
  4402 | D:6      | Killed Blork the orc
  4402 | D:6      | Reached skill level 10 in Unarmed Combat
  4418 | D:6      | Reached XP level 8. HP: 58/74 MP: 7/7
  4471 | D:6      | Noticed Grinder
  4475 | D:6      | Paralysed by Grinder for 3 turns
  4483 | D:6      | Paralysed by Grinder for 7 turns
  4491 | D:6      | Killed Grinder
  4654 | D:6      | Reached skill level 11 in Unarmed Combat
  4679 | D:6      | Found a stormy altar of Qazlal.
  4709 | D:6      | Found a staircase to the Ecumenical Temple.
  4725 | D:6      | Found a deep blue altar of Sif Muna.
  4828 | D:6      | Found a snail-covered altar of Cheibriados.
  5092 | Temple   | Entered the Ecumenical Temple
  5379 | D:7      | Found an oddly glowing altar of Pakellas.
  5381 | D:7      | Found a hide-covered altar to Ukayaw.
  5547 | D:7      | Found a sparkling altar of Nemelex Xobeh.
  5548 | D:7      | Found a white marble altar of Elyvilon.
  5767 | D:7      | Found Wuphi's Food Shoppe.
  6170 | D:8      | Found a sacrificial altar of Ru.
  6173 | D:8      | Reached skill level 12 in Unarmed Combat
  6261 | D:8      | Reached XP level 9. HP: 64/80 MP: 8/8
  6726 | D:9      | Got a sheer robe
  6737 | D:9      | Identified the +2 robe of Iducw {rPois Int-4 Dex+5 Stlth+} (You found it on level 9 of the Dungeon)
  6798 | D:9      | Noticed Pikel
  6818 | D:9      | Killed Pikel
  6818 | D:9      | Reached skill level 13 in Unarmed Combat
  7290 | D:9      | Found a staircase to the Orcish Mines.
  7384 | D:9      | Reached skill level 14 in Unarmed Combat
  7735 | D:8      | Reached XP level 10. HP: 24/91 MP: 9/9
  8368 | D:10     | Entered Level 10 of the Dungeon
  8391 | D:9      | Reached skill level 5 in Fighting
  8621 | D:10     | Found a staircase to the Lair.
  8621 | D:10     | Noticed an elephant
  8648 | D:10     | Killed an elephant
  8910 | D:9      | Gained mutation: You tend to lose your temper in combat. [mutagenic meat]
  8911 | D:9      | Gained mutation: You are frail. (-10% HP) [mutagenic meat]
  8912 | D:9      | Gained mutation: Your magical capacity is low. (-10% MP) [mutagenic meat]
  9014 | D:9      | Gained mutation: You regenerate. [mutagenic meat]
  9015 | D:9      | Gained mutation: You often lose your temper in combat. [mutagenic meat]
  9016 | D:9      | Gained mutation: Your system is resistant to poisons. (rPois) [mutagenic meat]
  9017 | D:9      | Gained mutation: Your spells are a little easier to cast, but a little less powerful. [mutagenic meat]
  9325 | D:10     | Noticed Fannar
  9441 | D:10     | Killed Fannar
  9441 | D:10     | Reached XP level 11. HP: 67/101 MP: 8/8
  9513 | D:10     | Noticed an unseen horror
  9527 | D:10     | Killed an unseen horror
  9549 | D:10     | Noticed Erolcha
  9565 | D:10     | Killed Erolcha
  9958 | Lair:1   | Entered Level 1 of the Lair of Beasts
  9998 | Lair:1   | Found a dark tunnel.
 10007 | Volcano  | Entered a volcano
 10185 | Volcano  | Noticed a lasher statue
 10185 | Volcano  | Noticed a lasher statue
 10192 | Volcano  | Killed a lasher statue
 10192 | Volcano  | Reached skill level 10 in Fighting
 10198 | Volcano  | Killed a lasher statue
 10199 | Volcano  | Noticed a lasher statue
 10204 | Volcano  | Killed a lasher statue
 10244 | Volcano  | Noticed a lasher statue
 10325 | Volcano  | Killed a lasher statue
 10328 | Volcano  | Noticed a lasher statue
 10337 | Volcano  | Killed a lasher statue
 10340 | Volcano  | Noticed a lasher statue
 10346 | Volcano  | Killed a lasher statue
 10470 | Volcano  | Found an ancient bone altar of Kikubaaqudgha.
 10470 | Volcano  | Noticed Urug
 10555 | Volcano  | Killed Urug
 11446 | Lair:2   | Reached XP level 12. HP: 101/117 MP: 9/9
 11607 | Lair:2   | Noticed an eight-headed hydra
 11614 | Lair:2   | HP: 4/118 [11-headed hydra (10)]
 11614 | Lair:2   | Slain by an 11-headed hydra

Vault maps used:
D:1:      tarquinn_simple_flora_water_f
D:2:      forest_paths
D:3:      old_standard_altar, first_bread, uniq_iyjb, uniq_jessica,
          uniq_crazy_yiuf_cottage
D:4:      lemuel_round_altar
D:5:      grunt_decor_arrowhead, makhleb_blood_cavern_becter
D:6:      nicolae_overflow_hidden_temple, nicolae_overflow_crystal_walls,
          lemuel_crystal_altar, minmay_temple_entry_junction,
          uniq_blork_the_orc, uniq_grinder
D:7:      minitemple, grunt_temple_overflow_open, serial_shops,
          nicolae_shop_behind_doors
D:8:      old_standard_altar
D:9:      david_orc_1_choice, uniq_pikel
D:10:     old_forge, david_lair_generic, hangedman_misty_isle, uniq_fannar,
          uniq_erolcha
Temple:   circular_temple_12
Lair:1:   nicolae_volcano_entry_hallway
Lair:2:   basic_altar, st_stairs_13
Volcano:  volcano_grotto

Skill      XL: |  1  2  3  4  5  6  7  8  9 10 11 |
---------------+----------------------------------+-----
Unarmed Combat | 5 6 7 8 10 12 14 | 14.0
Fighting       | 3 8 11 | 11.8
Dodging        | |  2.4
Stealth        | |  1.1

Action                   |  1- 3 |  4- 6 |  7- 9 | 10-12 || total
-------------------------+-------+-------+-------+-------++-------
Melee: Unarmed           |    78 |   205 |   278 |   365 ||   926
       Punch             |     2 |     8 |    18 |    23 ||    51
Throw: Javelin           |       |       |     4 |     8 ||    12
Evoke: Wand              |       |       |       |     2 ||     2
  Use: Scroll            |       |       |     3 |     7 ||    10
 Stab: Sleeping          |     1 |     2 |     6 |       ||     9
       Distracted        |       |     1 |       |       ||     1
  Eat: Chunk             |    14 |    21 |    38 |    42 ||   115
       Pizza             |       |       |       |     2 ||     2
       Bread ration      |       |       |       |     1 ||     1
Armor: Robe              |    22 |    47 |    66 |    39 ||   174
       Troll leather arm |       |       |       |    57 ||    57
Dodge: Dodged            |    40 |    92 |   115 |   186 ||   433
